 Dungeon Crawl Stone Soup version 0.24-a0-769-g368c1644f8 (webtiles) character file.

Game seed: 14923667732827249177, levelgen mode: deterministic

51 Arixos the Grave Robber (level 3, -3/26 HPs)
             Began as a Mummy Necromancer on Oct 6, 2019.
             Slain by Natasha (7 damage)
             ... on level 2 of the Dungeon.
             The game lasted 00:11:59 (1459 turns).

Arixos the Grave Robber (Mummy Necromancer)         Turns: 1459, Time: 00:11:59

Health: -3/26      AC: 12    Str: 12    XL:     3   Next: 58%
Magic:  2/7        EV:  9    Int: 14    God:
Gold:   56         SH:  0    Dex: 12    Spells: 4/8 levels left

rFire    x . .     SeeInvis .   e - +1 flail (protect)
rCold    + . .     Gourm    .   (no shield)
rNeg     + + +     Faith    .   a - +0 scale mail
rPois    ∞         Spirit   .   (no helmet)
rElec    .         Reflect  .   (no cloak)
rCorr    .         Harm     .   (no gloves)
MR       .....                  (no boots)
Stlth    ..........             (no amulet)
HPRegen  0.08/turn              g - +6 ring of protection
MPRegen  0.10/turn              (no ring)

@: very slightly contaminated
A: no food or potions, fire vulnerability, cold resistance 1, negative energy
resistance 3, torment resistance, unbreathing
a: no special abilities


You were on level 2 of the Dungeon.
You were not hungry.

You visited 1 branch of the dungeon, and saw 2 of its levels.

You collected 56 gold pieces.

Inventory:

Hand Weapons
 e - a +1 flail of protection (weapon)
Armour
 a - a +0 scale mail (worn)
Jewellery
 g - a +6 ring of protection (left hand)
Scrolls
 d - 2 scrolls of remove curse


   Skills:
 + Level 1.3 Fighting
 + Level 0.3 Maces & Flails
 + Level 2.1 Dodging
 - Level 1.5 Stealth
 + Level 3.4 Spellcasting
 + Level 4.3 Necromancy


You had 4 spell levels left.
You knew the following spells:

 Your Spells              Type           Power        Failure   Level  Hunger
a - Pain                  Necr           ##..         19%         1    N/A
d - Vampiric Draining     Necr           ##........   50%         3    N/A

Your spell library contained the following spells:

 Spells                   Type           Power        Failure   Level  Hunger
 Animate Skeleton         Necr           N/A          19%         1    N/A
 Animate Dead             Necr           N/A          88%         4    N/A
 Regeneration             Chrm/Necr      Unusable     N/A         3    N/A

Dungeon Overview and Level Annotations

Branches:
Dungeon (2/15)

Altars:

Annotations:
D:2 Natasha


Innate Abilities, Weirdness & Mutations

You do not eat or drink.
Your flesh is vulnerable to fire.
You are immune to poison.
Your flesh is cold resistant. (rC+)
You are immune to negative energy. (rN+++)
You are immune to unholy pain and torment.
You can survive without breathing.


Message History

You hit Natasha but do no damage.
Your weapon exudes an aura of protection.
Natasha stares at you and mumbles some strange words.
The magic dart hits you but does no damage.
You closely miss Natasha.
Natasha claws you but does no damage. x2
You closely miss Natasha. Natasha closely misses you.
Sorry, you're not good enough to have a special ability.
Casting: Pain (safe; 19% risk of failure)
Confirm with . or Enter, or press ? or * to list all spells.
You don't know that spell.
Unknown command.
Casting: Pain (safe; 19% risk of failure)
Confirm with . or Enter, or press ? or * to list all spells.
Aiming: Vampiric Draining (quite dangerous; 50% risk of failure)
Press: ? - help, Shift-Dir - straight line, f/p - Natasha
Aim: Natasha (inner flame)
You miscast Vampiric Draining.
The world around you seems to dim momentarily.
Natasha claws you!
You die...

#...###..#
#.#....... #.[.#
#..# #.####.###
#...# #..# #......#
#...####'##########
#.....†.>......#
###.#..........#
#5#..........#
#h#..........#
#.@......#####
..............#
.#####........#
#........#
#........#
#........#
#........#
#......(.#


You could see Natasha (inner flame) and a white imp.

Vanquished Creatures
  An adder (D:2)
  A worm (D:2)
  4 dart slugs
  2 leopard geckos (D:1)
  A ball python (D:1)
  5 bats (D:1)
  A giant cockroach (D:1)
  2 goblins (D:1)
  3 hobgoblins
  A quokka (D:2)
  4 frilled lizards
  4 kobolds (D:1)
  2 rats
31 creatures vanquished.

Notes
Turn   | Place    | Note
-------+----------+-------------------------------------------
     0 | D:1      | Arixos the Mummy Necromancer began the quest for the Orb.
     0 | D:1      | Reached XP level 1. HP: 13/13 MP: 4/4
   135 | D:1      | Reached XP level 2. HP: 19/20 MP: 1/6
   426 | D:1      | Reached skill level 1 in Fighting
   882 | D:1      | Reached XP level 3. HP: 26/26 MP: 2/7
  1142 | D:2      | Learned a level 3 spell: Vampiric Draining
  1437 | D:2      | Noticed Natasha
  1459 | D:2      | Slain by Natasha

Levels and vault maps discovered:
D:1:      dpeg_arrival_yet_another_circle, layout_rooms, kennysheep_crisscross,
          minmay_pentomino_r4
D:2:      layout_basic, first_ration, fedhas_altar_4, uniq_natasha

Skill      XL: |  1  2 |
---------------+-------+-----
Spellcasting   | 3 |  3.4
Fighting       | 1 |  1.3
Dodging        | 2 |  2.1
Maces & Flails | |  0.3
Stealth        | |  1.5
Necromancy     | |  4.3

Action                   || total
-------------------------++-------
Melee: Unarmed           ||    31
       Flail             ||    43
 Cast: Pain              ||    52
  Use: Scroll            ||     5
 Stab: Sleeping          ||     1
Armor: Robe              ||     4
       Ring mail         ||     3
       Scale mail        ||    33
Dodge: Dodged            ||    50

Table legend:
 A = Non-vault XP
 B = Vault XP
 C = Vault XP percentage of total XP
 D = Non-vault monster count
 E = Vault monster count
 F = Vault count percentage of total count
                 A         B        C        D         E       F
            +---------+---------+-------+---------+---------+-------
      Total |      65 |       9 |  12.2 |      27 |       4 |  12.9
            +---------+---------+-------+---------+---------+-------
        D:1 |      35 |       9 |  20.5 |      19 |       4 |  17.4
        D:2 |      30 |       0 |   0.0 |       8 |       0 |   0.0
            +---------+---------+-------+---------+---------+-------
